Map: Ulrena

Players

TiggleBits

  • Race: Terran Terran

LuckieStrike - Winner!

  • Race: Protoss Protoss

VOD

Have the link to the VOD?

Description

Time

  • Played on: Jan. 23, 2016, 11:11 p.m.
  • Length: 17:29
Show
View Real Time Build Order
Export as new Build Order

TiggleBits Terran 

Build Orders:  

Get SALT Encoding   

  12  0:06  SCV  
  13  0:18  SCV  
  14  0:26  Supply Depot  
  14  0:30  SCV  
  14  0:33  Refinery  
  15  0:48  SCV  
  16  0:53  Barracks  
  16  1:00  SCV  
  17  1:12  SCV  
  17  1:18  Barracks  
  18  1:24  SCV  
  19  1:41  Supply Depot  
  19  1:43  SCV  
  19  1:46  Marine  
  21  1:54  Factory  
  21  1:55  SCV  
  22  2:03  Marine  
  22  2:06  Supply Depot  
  22  2:07  SCV  
  24  2:09  Marine  
  25  2:19  SCV  
  25  2:21  Marine  
  27  2:27  Factory, Marine  
  28  2:31  SCV  
  28  2:33  Refinery  
  29  2:41  Marine  
  29  2:44  SCV  
  31  2:45  Marine  
  32  2:56  SCV  
  33  2:59  Marine  
  34  3:08  SCV  
  34  3:11  Marine  
  36  3:14  Factory Tech Lab  
  36  3:16  Factory Tech Lab  
  36  3:25  SCV  
  36  3:27  Marine  
  37  3:31  Marine  
  39  3:39  Supply Depot  
  39  3:45  Barracks Tech Lab  
  39  3:53  Supply Depot  
  39  4:01  SCV, Marine  
  41  4:11  Siege Tank  
  41  4:12  Siege Tank  
  41  4:14  SCV  
  41  4:16  Supply Depot  
  48  4:17  Supply Depot  
  48  4:19  Marine  
  48  4:21  Marauder  
  51  4:39  SCV  
  51  4:40  Supply Depot  
  51  4:41  Marine  
  51  4:42  Marauder  
  51  4:43  Siege Tank  
  58  4:58  Marine  
  59  5:04  Orbital Command, Marauder  
  61  5:14  Siege Tank  
  61  5:16  Marine  
  65  5:22  Siege Tank  
  65  5:25  Marauder  
  70  5:34  Engineering Bay  
  70  5:36  SCV  
  71  5:46  Siege Tank  
  74  5:56  SCV  
  75  6:05  Command Center  
  75  6:49  SCV, Marine  
  75  6:50  Marine  
  75  6:54  Command Center  
  78  7:01  SCV  
  79  7:02  Command Center  
  79  7:16  SCV x2  
  79  7:19  Marauder, Marine  
  84  7:28  Supply Depot, SCV  
  85  7:30  Refinery  
  85  7:41  Marauder  
  85  7:43  Orbital Command  
  87  7:46  Marine  
  88  7:54  Terran Infantry Weapons Level 1  
  88  8:01  Marine  
  88  8:03  SCV  
  90  8:06  Armory  
  90  8:10  SCV  
  90  8:12  SCV  
  92  8:14  SCV  
  92  8:16  SCV  
  94  8:22  SCV  
  94  8:24  SCV  
  94  8:26  SCV  
  97  8:28  SCV  
  97  8:33  Marine  
  99  8:34  SCV  
  99  8:39  Factory  
  100  8:42  Marauder  
  102  9:01  Starport  
  102  9:08  SCV  
  102  9:09  SCV x3  
  106  9:12  Starport  
  106  9:20  SCV  
  106  9:21  SCV x3  
  110  9:30  Marine  
  111  9:32  SCV, Marauder  
  111  9:33  SCV x3  
  111  9:39  Starport  
  108  9:48  Marine  
  109  9:53  Marine  
  109  9:56  Widow Mine x2  
  114  10:00  Drilling Claws  
  114  10:06  Marine  
  115  10:09  Starport  
  115  10:11  Starport Tech Lab, Marine  
  115  10:12  Starport Tech Lab  
  116  10:15  Armory  
  114  10:24  Widow Mine, Marine  
  114  10:25  Widow Mine  
  114  10:29  Marine  
  110  10:42  Marine  
  111  10:47  Marine  
  111  11:00  Marine  
  110  11:04  Marine  
  108  11:17  Marine  
  104  11:45  SCV x3  
  104  11:46  SCV  
  108  11:53  Factory Tech Lab, Barracks Tech Lab  
  108  11:55  Marine  
  108  11:57  SCV x2, Siege Tank  
  108  11:58  SCV x2, Siege Tank  
  119  12:04  Terran Ship Weapons Level 1  
  119  12:05  Terran Vehicle And Ship Armor Level 1, Supply Depot  
  119  12:07  Starport Tech Lab x2  
  119  12:09  SCV  
  119  12:13  Marauder, Marine  
  119  12:14  Siege Tank  
  126  12:25  SCV x4  
  126  12:27  Supply Depot  
  126  12:29  Refinery, Thor, Siege Tank  
  133  12:30  Refinery  
  133  12:32  Refinery  
  133  12:34  Marine  
  140  12:48  SCV x2  
  140  12:49  Command Center, SCV  
  140  12:51  SCV  
  140  12:52  Marauder  
  140  12:54  Command Center  
  140  12:57  Siege Tank  
  145  13:00  SCV x2  
  145  13:01  Command Center, SCV  
  148  13:10  Supply Depot  
  148  13:17  Supply Depot  
  148  13:19  Supply Depot  
  148  13:20  Supply Depot  
  148  13:27  Marine x2  
  148  13:28  SCV  
  148  13:30  SCV  
  148  13:31  Widow Mine x3  
  153  13:34  Supply Depot  
  147  13:41  Supply Depot  
  147  13:45  Marine  
  130  13:48  Marine  
  130  13:55  Viking x2  
  135  13:56  Viking x2  
  135  14:00  Siege Tank x2  
  145  14:03  Marauder  
  145  14:05  Terran Vehicle Weapons Level 1  
  145  14:06  Marine  
  148  14:18  Refinery  
  148  14:24  Viking  
  148  14:25  Viking  
  148  14:26  SCV x2, Viking  
  148  14:27  SCV x2  
  158  14:38  SCV  
  159  14:56  SCV x2  
  159  14:57  SCV x2  
  159  14:59  Marauder, Marine  
  166  15:00  Siege Tank  
  166  15:01  Thor, Siege Tank  
  178  15:08  SCV, Refinery  
  179  15:17  Marauder  
  179  15:20  Marine  
  182  15:32  Siege Tank  
  185  15:38  Marauder  
  146  16:14  Marauder, Marine  
  146  16:16  Siege Tank x2, Widow Mine  
  151  16:32  Marine  
  152  16:35  Refinery  
  152  16:36  Marauder  
  154  16:45  Siege Tank  
  157  16:47  Refinery  
  157  16:48  Siege Tank, Widow Mine  
  157  16:49  Marine  
  159  16:57  Marauder  
  142  17:07  Marine  
Show
View Real Time Build Order
Export as new Build Order

LuckieStrike Protoss - Winner!

Build Orders:  

Get SALT Encoding   

  12  0:01  Probe (Chrono Boost)  
  13  0:11  Probe (Chrono Boost)  
  14  0:21  Pylon  
  14  0:23  Probe (Chrono Boost)  
  15  0:39  Probe (Chrono Boost)  
  16  0:42  Gateway  
  17  0:50  Probe (Chrono Boost)  
  17  0:56  Assimilator  
  17  1:00  Probe (Chrono Boost)  
  18  1:16  Gateway  
  18  1:26  Assimilator  
  18  1:37  Zealot  
  20  1:41  Probe (Chrono Boost)  
  21  1:49  Cybernetics Core  
  21  1:52  Probe (Chrono Boost)  
  22  2:02  Probe (Chrono Boost)  
  23  2:10  Nexus  
  23  2:15  Pylon  
  23  2:34  Probe (Chrono Boost)  
  24  2:37  Warp Gate  
  24  2:42  Pylon  
  24  2:44  Probe (Chrono Boost)  
  25  2:55  Mothership Core (Chrono Boost)  
  27  3:10  Adept (Chrono Boost)  
  27  3:11  Adept (Chrono Boost)  
  31  3:13  Probe (Chrono Boost)  
  32  3:24  Probe  
  33  3:28  Probe  
  34  3:36  Probe, Adept (Chrono Boost)  
  34  3:38  Probe  
  34  3:40  Adept (Chrono Boost)  
  40  3:55  Gateway  
  40  3:59  Gateway  
  40  4:01  Probe  
  40  4:03  Probe  
  42  4:12  Probe  
  42  4:14  Stargate  
  42  4:15  Probe  
  44  4:39  Gateway  
  44  4:41  Gateway  
  44  4:42  Gateway  
  44  4:43  Probe  
  44  4:45  Probe, Pylon  
  46  4:49  Assimilator  
  46  4:52  Assimilator  
  46  4:54  Probe  
  46  4:57  Probe  
  48  5:01  Void Ray  
  52  5:07  Adept  
  52  5:08  Adept  
  56  5:17  Pylon  
  56  5:35  Adept x2  
  56  5:36  Adept x2  
  64  5:44  Void Ray  
  68  6:04  Fleet Beacon  
  68  6:21  Adept  
  68  6:22  Nexus  
  68  6:24  Pylon  
  68  6:27  Pylon  
  68  6:29  Pylon  
  68  6:31  Probe, Pylon  
  68  6:32  Probe  
  70  6:41  Probe  
  70  6:44  Probe  
  72  6:52  Probe  
  73  6:56  Probe  
  74  7:02  Probe, Pylon  
  74  7:06  Pylon  
  75  7:08  Pylon  
  75  7:14  Adept  
  75  7:15  Adept x5  
  83  7:16  Adept  
  89  7:27  Forge  
  89  7:30  Twilight Council  
  89  7:34  Robotics Facility  
  89  7:38  Tempest  
  89  7:41  Probe x2  
  89  7:42  Probe  
  96  7:45  Adept  
  98  7:52  Probe x2  
  98  7:53  Assimilator  
  98  7:54  Probe  
  98  7:55  Assimilator  
  101  8:00  Adept  
  101  8:01  Adept x2  
  101  8:02  Adept  
  109  8:10  Gateway  
  109  8:11  Gateway  
  109  8:15  Gateway, Probe  
  109  8:16  Probe  
  109  8:17  Probe  
  112  8:23  Gateway  
  112  8:26  Probe  
  112  8:27  Probe  
  112  8:28  Probe  
  115  8:35  Protoss Air Weapons Level 1  
  115  9:10  Nexus  
  115  9:13  Pylon x2  
  115  9:14  Pylon  
  115  9:19  Adept x2  
  115  9:20  Adept x6  
  115  9:21  Adept x3  
  83  9:58  Adept x6  
  83  9:59  Adept x4  
  103  10:00  Adept  
  103  10:06  Tempest  
  89  10:49  Tempest  
  93  10:56  Adept x3  
  93  10:57  Adept x5  
  101  10:58  Adept x3  
  105  11:29  Observer  
  105  11:32  Tempest  
  110  11:33  Protoss Ground Weapons Level 1  
  110  11:36  Resonating Glaives  
  110  11:41  Zealot x4  
  110  11:42  Zealot x5  
  110  11:43  Zealot x2  
  132  11:50  Observer  
  133  12:05  Stargate  
  133  12:06  Stargate  
  133  12:15  Tempest, Assimilator  
  137  12:18  Assimilator  
  137  12:19  Stalker  
  137  12:20  Stalker x6  
  137  12:21  Stalker  
  153  12:23  Stalker  
  155  12:30  Probe, Pylon  
  155  12:31  Probe  
  155  12:32  Probe, Pylon  
  155  12:34  Pylon  
  158  12:38  Adept x2  
  158  12:41  Probe x2  
  164  12:44  Probe  
  163  13:03  Robotics Bay  
  163  13:15  Zealot x2  
  163  13:16  Zealot x6, Charge  
  163  13:17  Zealot x3  
  183  13:27  Protoss Ground Armor Level 1  
  143  13:52  Tempest x2  
  151  14:16  Pylon  
  151  14:41  Zealot x2  
  151  14:42  Zealot x6  
  151  14:43  Zealot x3  
  173  14:59  Gateway  
  173  15:03  Disruptor  
  176  15:20  Zealot x2  
  176  15:21  Zealot x6  
  186  15:22  Zealot x3  
  198  15:42  Zealot  
  198  15:43  Zealot x2  
  184  15:51  Mothership Core  
  172  16:30  Stalker x3  
  172  16:31  Stalker x2  
  182  16:34  Stalker  
  184  16:41  Pylon  
Tags
 
Add a new tag
Caveats
  • Supply blocks, unpowered buildings, or Contaminate may cause inaccurate times.
  • Supply counts are checked every 10 seconds.